 Dungeon Crawl Stone Soup version 0.22-a0-284-g99d1f74 (webtiles) character file.

28 Azzok the Skirmisher (level 3, -6/24 HPs)
             Began as a Gargoyle Berserker on Mar 20, 2018.
             Was a Follower of Trog.
             Mangled by a worm (9 damage)
             ... on level 2 of the Dungeon.
             The game lasted 00:00:40 (151 turns).

Azzok the Skirmisher (Gargoyle Berserker)            Turns: 151, Time: 00:00:41

Health: -6/24      AC:  5    Str: 22    XL:     3   Next: 14%
Magic:  3/3        EV: 12    Int:  8    God:    Trog [*.....]
Gold:   0          SH:  0    Dex:  9    Spells: 2/2 levels left

rFire    . . .     SeeInvis .   a - +0 falchion
rCold    . . .     Gourm    .   (no shield)
rNeg     + . .     Faith    .   b - +0 animal skin
rPois    ∞         Spirit   .   (no helmet)
rElec    +         Reflect  .   (no cloak)
rCorr    .         Harm     .   (no gloves)
MR       .....                  (no boots)
Stlth    +.........             (no amulet)
HPRegen  0.08/turn              e - +2 ring of strength
MPRegen  0.08/turn              (no ring)

@: no status effects
A: negative energy resistance 1, electricity resistance, unbreathing,
petrification resistance, rot immunity, AC +3
a: Berserk, Renounce Religion


You were on level 2 of the Dungeon.
You worshipped Trog.
Trog was aware of your devotion.
You were not hungry.

You visited 1 branch of the dungeon, and saw 2 of its levels.

Inventory:

Hand Weapons
 a - a +0 falchion (weapon)
Armour
 b - a +0 animal skin (worn)
Jewellery
 e - a +2 ring of strength (left hand)
Scrolls
 d - a scroll of teleportation {unknown}
 g - a scroll of blinking {unknown}
Comestibles
 c - 2 rations
 f - 6 chunks of flesh


   Skills:
 + Level 4.6 Fighting
 - Level 2.6 Long Blades
 - Level 2.1 Armour
 - Level 1.5 Dodging


You had 2 spell levels left.
You didn't know any spells.

Dungeon Overview and Level Annotations

Branches:
Dungeon (1/15)

Altars:


Innate Abilities, Weirdness & Mutations

You are resistant to torment.
Your stone body is resilient. (AC +3)
You are immune to poison.
You resist negative energy. (rN+)
You are resistant to electric shocks. (rElec)
You can survive without breathing.
You are immune to petrification.
You are immune to rotting.


Message History

The worm is moderately wounded.
The worm barely misses you.
You hit the worm.
The worm is heavily wounded.
You hit the worm.
The worm is heavily wounded.
The worm bites you but does no damage.
You slash the worm!
The worm is almost dead.
The worm bites you but does no damage.
You barely miss the worm.
The worm is almost dead.
You hit the worm.
The worm is almost dead.
The worm bites you!
* * * LOW HITPOINT WARNING * * *
You barely miss the worm.
The worm is almost dead.
The worm bites you!
You die...

▒··▒ ▒▒▒····<··
▒··▒▒▒··w··▒ ▒··▒▒····▒
·· ▒·······▒▒ ▒·
▒▒·····▒▒▒ ▒· ▒·····▒▒
·▒▒ ▒▒·▒···▒ ▒▒▒▒▒··
▒··▒ ▒▒▒··▒·▒·▒▒·····%·
▒▒▒·▒▒▒·······(w@(▒
··········▒▒·▒>▒▒▒·····▒
▒▒▒·▒▒·····▒·▒·· ▒▒▒▒▒
▒·▒▒·······▒▒·▒
▒···>······▒ ··
▒▒▒········▒ ··
▒·▒····▒·▒ ·▒▒
▒·▒····▒·▒ ··▒·······


You could see a worm.

Vanquished Creatures
  2 adders (D:2)
  A bat (D:2)
  2 hobgoblins
  3 kobolds
  2 goblins (D:1)
  A rat (D:1)
11 creatures vanquished.

Notes
Turn   | Place    | Note
-------+----------+-------------------------------------------
     0 | D:1      | Azzok the Gargoyle Berserker began the quest for the Orb.
     0 | D:1      | Reached XP level 1. HP: 14/14 MP: 1/1
    93 | D:1      | You fall through a shaft!
    97 | D:2      | Reached XP level 2. HP: 20/20 MP: 2/2
   128 | D:2      | Reached skill level 4 in Fighting
   134 | D:2      | Reached XP level 3. HP: 18/24 MP: 3/3
   151 | D:2      | Mangled by a worm

Vault maps used:
D:1:      dpeg_arrival_shrine
D:2:      overflow_temple_1_default, first_ration, serial_forest,
          infiniplex_forest_clump_large, infiniplex_forest_straight_1,
          infiniplex_forest_lined_corner, infiniplex_forest_clump_small

Skill      XL: |  1  2 |
---------------+-------+-----
Fighting       | 4 |  4.6
Long Blades    | |  2.6
Armour         | |  2.1
Dodging        | |  1.5

Action                   || total
-------------------------++-------
Melee: Falchion          ||    37
Armor: Animal skin       ||    12
Dodge: Dodged            ||    27
       Rpst.: Falchion   ||     7

Table legend:
 A = Spawn XP
 B = Non-spawn XP
 C = Spawn XP percentage of total XP
 D = Spawn monster count
 E = Non-spawn monster count
 F = Spawn count percentage of total count
 G = Total turns spent on level
                    A         B        C        D         E        F      G
               +---------+---------+-------+---------+---------+-------+---------
         Total |       0 |      41 |   0.0 |       0 |      11 |   0.0 |   151
               +---------+---------+-------+---------+---------+-------+---------
           D:1 |       0 |       8 |   0.0 |       0 |       5 |   0.0 |    93
           D:2 |       0 |      33 |   0.0 |       0 |       6 |   0.0 |    58
               +---------+---------+-------+---------+---------+-------+---------
